 Dungeon Crawl Stone Soup version 0.21.1-1-g345015f (webtiles) character file.

26 lotte the Digger (level 2, 0/15 HPs)
             Began as a Deep Elf Earth Elementalist on July 6, 2018.
             Slain by a leopard gecko (4 damage)
             ... on level 1 of the Dungeon.
             The game lasted 00:01:42 (714 turns).

lotte the Digger (Deep Elf Earth Elementalist)       Turns: 714, Time: 00:01:44

Health: 0/15       AC:  2    Str:  5    XL:     2   Next: 89%
Magic:  8/8        EV: 13    Int: 19    God:
Gold:   32         SH:  0    Dex: 15    Spells: 7/8 levels left

rFire    . . .     SeeInvis .   k - -3 club (curse)
rCold    . . .     Gourm    .   (no shield)
rNeg     . . .     Faith    .   c - +0 robe
rPois    .         Spirit   .   (no helmet)
rElec    .         Reflect  .   (no cloak)
rCorr    .         Harm     .   (no gloves)
MR       .....                  (no boots)
Stlth    ++........             (no amulet)
HPRegen  0.05/turn              (no ring)
MPRegen  0.11/turn              (no ring)

@: no status effects
A: no striking features
a: no special abilities


You were on level 1 of the Dungeon.
You were not hungry.

You visited 1 branch of the dungeon, and saw 1 of its levels.

You collected 32 gold pieces.

Inventory:

Hand Weapons
 k - a cursed -3 club (weapon)
Missiles
 b - 17 stones (quivered)
Armour
 c - a +0 robe (worn)
Scrolls
 a - a scroll of identify {unknown}
 f - a scroll of teleportation {unknown}
 g - a scroll of enchant armour {unknown}
 h - a scroll of blinking {unknown}
 i - a scroll of amnesia {unknown}
 l - a scroll of immolation {unknown}
Potions
 j - 2 potions of agility {unknown}
Books
 e - a book of Geomancy

   Spells                             Type                      Level
   a - Sandblast                      Earth                        1
   b - Passwall                       Transmutation/Earth          2
   c - Stone Arrow                    Conjuration/Earth            3
   d - Petrify                        Transmutation/Earth          4
   e - Lee's Rapid Deconstruction     Earth                        5
Comestibles
 d - a ration


   Skills:
 + Level 2.5 Dodging
 + Level 2.5 Stealth
 + Level 3.8 Spellcasting
   Level 1.1 Transmutations
 + Level 4.0 Earth Magic


You had 7 spell levels left.
You knew the following spells:

 Your Spells              Type           Power        Failure   Level  Hunger
a - Sandblast             Erth           ###...       2%          1    None


Dungeon Overview and Level Annotations

Branches:
Dungeon (1/15)

Altars:


Message History

Casting: Sandblast
Confirm with . or Enter, or press ? or * to list all spells.
You can't see any susceptible monsters within range! (Use Z to cast anyway.)
The leopard gecko bites you. The kobold hits you but does no damage.
You hit the leopard gecko.
The leopard gecko is heavily wounded.
The leopard gecko closely misses you. The kobold hits you with a short sword.
The leopard gecko completely misses you.
You hit the leopard gecko but do no damage.
The leopard gecko is heavily wounded.
The kobold hits you but does no damage. The leopard gecko misses you.
The kobold hits you with a short sword.
* * * LOW HITPOINT WARNING * * *
You miss the leopard gecko.
The leopard gecko is heavily wounded.
The leopard gecko bites you but does no damage.
The kobold hits you but does no damage.
The leopard gecko hisses menacingly.
The leopard gecko bites you.
You die...

### #c# ......
### ..... #T#
....########
### ...........
#m# .........#
### #........#
#d# #.lK.....#
### #.@......#
#n# #........#
### #........#
#N# #........##
### ###.......#
#6# #.........#
### #.........#
# #.........# #
#######.......#


You could see a leopard gecko and a kobold.

Vanquished Creatures
  An ooze (D:1)
  A leopard gecko (D:1)
  A giant cockroach (D:1)
  5 goblins (D:1)
  3 hobgoblins (D:1)
  4 bats (D:1)
  A frilled lizard (D:1)
  2 kobolds (D:1)
  2 rats (D:1)
20 creatures vanquished.

Notes
Turn   | Place    | Note
-------+----------+-------------------------------------------
     0 | D:1      | lotte the Deep Elf Earth Elementalist began the quest for the Orb.
     0 | D:1      | Reached XP level 1. HP: 10/10 MP: 6/6
     2 | D:1      | Noticed a gargoyle
     3 | D:1      | Noticed an ogre
     5 | D:1      | Noticed a human
     7 | D:1      | Noticed a vine stalker
     7 | D:1      | Noticed a formicid
     9 | D:1      | Noticed an elf
    11 | D:1      | Noticed a demigod
    13 | D:1      | Noticed an octopode
    15 | D:1      | Noticed a dwarf
    15 | D:1      | Noticed a centaur
    17 | D:1      | Noticed a spriggan
    17 | D:1      | Noticed a troll
    19 | D:1      | Noticed a felid
    19 | D:1      | Noticed a merfolk
    21 | D:1      | Noticed a minotaur
    21 | D:1      | Noticed a draconian
    23 | D:1      | Noticed a halfling
    23 | D:1      | Noticed a ghoul
    25 | D:1      | Noticed a vampire
    25 | D:1      | Noticed a naga
    27 | D:1      | Noticed a tengu
    27 | D:1      | Noticed a demonspawn
   157 | D:1      | Reached XP level 2. HP: 15/15 MP: 4/8
   661 | D:1      | Reached skill level 4 in Earth Magic
   714 | D:1      | Slain by a leopard gecko

Skill      XL: |  1  2 |
---------------+-------+-----
Earth Magic    | 4 |  4.0
Dodging        | |  2.5
Stealth        | |  2.5
Spellcasting   | |  3.8
Transmutations | |  1.1

Action                   || total
-------------------------++-------
Melee: Club              ||     3
 Cast: Sandblast         ||    25
Armor: Robe              ||     1
Dodge: Dodged            ||     8
